 Dungeon Crawl Stone Soup version 0.30.1-9-gdf580d7c3d (webtiles) character file.

Game seed: 11234082838564330079

44 adizb the Caller (level 3, 0/35 HPs)
             Began as an Ogre Summoner on Oct 24, 2023.
             Killed from afar by a dart slug (4 damage)
             ... with a slug dart
             ... on level 2 of the Dungeon.
             The game lasted 00:06:00 (799 turns).

adizb the Caller (Ogre Summoner)                     Turns: 799, Time: 00:06:01

Health: 0/35       AC:  3    Str: 12 (14) XL:     3   Next: 62%
Magic:  5/7        EV:  9    Int: 14 (16) God:
Gold:   57         SH:  0    Dex:  7 (9)  Spells: 5/8 levels left

rFire   . . .        c - +0 whip (freeze)
rCold   . . .        (no shield)
rNeg    . . .        a - +0 robe
rPois   .            (helmet restricted)
rElec   .            (no cloak)
rCorr   .            (gloves unavailable)
SInv    .            (boots unavailable)
Will    .....        (no amulet)
Stlth   +            i - ring of wizardry
HPRegen 0.25/turn    (no ring)
MPRegen 0.10/turn

%: wizardry (x1)
@: no status effects
A: large, unfitting armour, tough skin 1
a: no special abilities


You were on level 2 of the Dungeon.
You visited 1 branch of the dungeon, and saw 2 of its levels.

You collected 57 gold pieces.

Inventory:

Hand Weapons
 c - a +0 whip of freezing (weapon)
Armour
 a - a +0 robe (worn)
Jewellery
 i - a ring of wizardry (left hand)
Scrolls
 d - 4 scrolls of identify {unknown}
 e - a scroll of enchant weapon {unknown}
 g - a scroll of enchant armour {unknown}
Potions
 b - a potion of magic


   Skills:
 + Level 1.8 Fighting
 + Level 2.3 Dodging
 - Level 1.4 Stealth
 + Level 3.0 Spellcasting
 + Level 3.9 Summonings


You had 5 spell levels left.
You knew the following spells:

 Your Spells              Type           Power      Damage    Failure   Level
a - Summon Small Mammal   Summ           52%        N/A       1%          1
b - Call Imp              Summ           26%        N/A       2%          2

Your spell library contained the following spells:

 Spells                   Type           Power      Damage    Failure   Level
 Call Canine Familiar     Summ           13%        N/A       5%          3
 Summon Guardian Golem    Hex/Summ       7%         N/A       12%         3
 Poisonous Vapours        Pois/Air       4%         N/A       13%         2
 Summon Lightning Spire   Summ/Air       7%         N/A       34%         4
 Petrify                  Tmut/Erth      2%         N/A       61%         4
 Alistair's Intoxication  Tmut/Pois      1%         N/A       90%         5
 Dragon Form              Tmut           1%         N/A       100%        7


Dungeon Overview and Level Annotations

Branches:
Dungeon (2/15)

Altars:
Ru


Innate Abilities, Weirdness & Mutations

You are too large for most types of armour.
You have tough skin. (AC +1)


Message History

Aim: an adder (moderately wounded) Attack!
You feel sick. The adder barely misses you.
Your cerulean imp closely misses the adder.
The rat bites you.
* * * LOW HITPOINT WARNING * * *
You hit the adder.
The adder seems to slow down.
You freeze the adder.
The adder is severely wounded.
You feel sick. The adder bites you.
* * * LOW HITPOINT WARNING * * *
You are lethally poisoned!
The adder poisons you!
Your cerulean imp barely misses the adder.
The rat barely misses you.
It was a potion of degeneration.
There was something very wrong with that liquid.
You feel weakened.
You feel dopey.
You feel clumsy.
* * * LOW HITPOINT WARNING * * *
You feel sick. The adder bites you.
* * * LOW HITPOINT WARNING * * *
You are more poisoned.
The adder poisons you!
Your cerulean imp closely misses the adder.
The rat bites you but does no damage.
It was a potion of curing.
You feel better.
The adder is no longer moving slowly.
The adder bites you.
* * * LOW HITPOINT WARNING * * *
Your cerulean imp hits the adder but does no damage.
The rat bites you.
* * * LOW HITPOINT WARNING * * *
The adder attacks as you move away! The adder barely misses you.
Your cerulean imp hits the adder from afar with a -3 spear.
The adder dies!
The rat closely misses you.
Your Spellcasting skill increases to level 3!
A dart slug comes into view.
Found a scroll labelled FUVINO SOMP and a white potion.
Your cerulean imp barely misses the rat.
The dart slug launches a dart at you. The slug dart hits you.
You die...

..........# ..........#
## ..........# ...
....†.....# ######$..
#........######........
##........##............
................r.......
##..##.....#####.5......
###.#...#### #@.......
#....## #.#.##... #..#.#
...... .. ##.##..#
....w.## ##[.###.##
.....[.. ...........
!?........
#...####...............
.........#...<.......#.
.....................#


You could see a dart slug, a rat (ally target) and a friendly cerulean imp
(summoned).

Vanquished Creatures
  2 ball pythons (D:1)
  2 endoplasms (D:1)
  2 hobgoblins (D:1)
  A bat (D:2)
  4 frilled lizards
  8 kobolds
  2 rats (D:1)
21 creatures vanquished.

Vanquished Creatures (collateral kills)
  2 adders (D:2)
  2 endoplasms (D:1)
  2 giant cockroaches (D:2)
  A ball python (D:2)
  A kobold (D:2)
  A rat (D:2)
9 creatures vanquished.

Grand Total: 30 creatures vanquished

Notes
Turn   | Place    | Note
-------+----------+-------------------------------------------
     0 | D:1      | adizb the Ogre Summoner began the quest for the Orb.
     0 | D:1      | Reached XP level 1. HP: 16/16 MP: 3/3
   383 | D:1      | Reached XP level 2. HP: 20/26 MP: 3/5
   388 | D:1      | Reached skill level 1 in Fighting
   403 | D:1      | Got the Catalogue of Altered Inhalation
   460 | D:1      | Learned a level 2 spell: Call Imp
   640 | D:2      | Found a sacrificial altar of Ru.
   676 | D:2      | Reached XP level 3. HP: 30/33 MP: 5/7
   796 | D:2      | HP: 1/35 [adder (2)]
   799 | D:2      | Killed from afar by a dart slug

Illustrated notes

Levels and vault maps discovered:
D:1:      eino_arrival_cavern_a, layout_basic, roderic_roman_lattice
D:2:      layout_rooms, basic_altar

Skill      XL: |  1  2  3 |
---------------+----------+-----
Dodging        | 2 |  2.3
Fighting       | 1 |  1.8
Spellcasting   | 3 |  3.0
Stealth        | |  1.4
Summonings     | |  3.9

Action                     || total
---------------------------++-------
  Melee: Whip              ||    63
   Cast: Summon Small Mamm ||     2
         Call Imp          ||     6
    Use: Potion            ||     2
 Armour: Robe              ||    19
  Dodge: Dodged            ||    40
